 Dungeon Crawl Stone Soup version 0.17.1-1-g73c8601 (webtiles) character file.

57 Raultor the Skirmisher (level 4, 31/42 HPs)
             Began as a Naga Fighter on Dec 14, 2015.
             Quit the game on level 2 of the Dungeon.
             The game lasted 00:02:48 (1045 turns).

Raultor the Skirmisher (Naga Fighter)               Turns: 1045, Time: 00:02:48

Health: 31/42      AC:  5    Str: 18    XL:     4   Next: 0%
Magic:  4/4        EV:  5    Int:  8    God:
Gold:   66         SH:  8    Dex: 12    Spells: 0 memorised, 3 levels left

rFire  . . .     SeeInvis +     a - +0 long sword
rCold  + . .     Clarity  .     b - +0 scale mail
rNeg   . . .     SustAt   .     c - +0 shield
rPois  +         Gourm    .     (no helmet)
rElec  .         Spirit   .     (no cloak)
rCorr  .         Warding  .     (no gloves)
rMut   .         Stasis   .     (no barding)
MR     .....                    (no amulet)
Stlth  ..........               p - ring of poison resistance
                                l - ring of protection from cold

@: very slow, not resistant to hostile enchantments, extremely unstealthy
A: see invisible, deformed body, poison resistance, slowness 2, slow metabolism
1, spit poison 2, AC +1
a: Spit Poison


You were on level 2 of the Dungeon.
You were not hungry.

You visited 1 branch of the dungeon, and saw 2 of its levels.

You collected 66 gold pieces.

Inventory:

Hand Weapons
 a - a +0 long sword (weapon)
Armour
 b - a +0 scale mail (worn)
 c - a +0 shield (worn)
Jewellery
 l - a ring of protection from cold (left hand)
 p - a ring of poison resistance (right hand)
Scrolls
 f - 2 scrolls of identify {unknown}
 g - a scroll of noise {unknown}
 h - a scroll of blinking {unknown}
 j - a scroll of immolation {unknown}
 k - a scroll of recharging {unknown}
 m - a scroll of remove curse {unknown}
 n - 3 scrolls of random uselessness {unknown}
Potions
 d - a potion of might
Comestibles
 e - 3 bread rations
 i - 2 meat rations
 o - a beef jerky
 q - 7 chunks of flesh


   Skills:
 + Level 3.2 Fighting
 * Level 2.6 Long Blades
 + Level 2.9 Armour
 + Level 0.8 Dodging
 - Level 0.4 Stealth
 + Level 2.7 Shields


You had 3 spell levels left.
You didn't know any spells.

Dungeon Overview and Level Annotations

Branches:
Dungeon (2/15)

Altars:


Innate Abilities, Weirdness & Mutations

You cannot wear boots.
Your serpentine skin is tough (AC +1).
You have supernaturally acute eyesight.
Armour fits poorly on your strangely shaped body.
Your system is resistant to poisons.
You cover ground very slowly.
You have a slow metabolism.
You can spit poison.


Message History

You feel agile.
There is an open door, spattered with blood here.
Items here: †††† a jackal corpse x3 an adder corpse Butcher a jackal corpse? [(y)es/(c)hop/(n)o/(a)ll/(q)uit/?]
You butcher the jackal corpse.
You found a shaft!
You butcher the jackal corpse.
You butcher the adder corpse.
You butcher the jackal corpse.
q - 3 chunks of flesh (gained 2);
q - 5 chunks of flesh (gained 2)
q - 6 chunks of flesh (gained 1);
q - 7 chunks of flesh (gained 1)
There is an open door, spattered with blood here.
You open the door.
There is an open door here.
Found a stone staircase leading down.
Saving game... please wait.
Welcome back, Raultor the Naga Fighter.
Press ? for a list of commands and other information.
Are you sure you want to abandon this character and quit the game? (Confirm with "yes".)

...........##...............†
#..........##..........#.####
#..........##...........)#
#.......^..######+#+######
..........# ####.......#
+..........# ######
######'#'########.. #.....
#.#.#.@......> #.####
#.#.#.######## #.# #.#...#
#.# #.##### ########.# #.#
#........# #.# #........# #.#
#.....#........# #.#
#.....#........# #.#
#.....#........#


There were no monsters in sight!

Vanquished Creatures
  An adder (D:2)
  An ooze (D:2)
  2 giant geckos
  5 bats
  2 goblins (D:1)
  8 hobgoblins
  10 jackals
  2 kobolds
  5 rats
36 creatures vanquished.

Notes
Turn   | Place    | Note
--------------------------------------------------------------
     0 | D:1      | Raultor the Naga Fighter began the quest for the Orb.
     0 | D:1      | Reached XP level 1. HP: 21/21 MP: 1/1
   133 | D:1      | Reached XP level 2. HP: 28/28 MP: 2/2
   866 | D:2      | Reached XP level 3. HP: 32/34 MP: 3/3
  1030 | D:2      | Reached XP level 4. HP: 28/42 MP: 4/4
  1045 | D:2      | Quit the game

Action                   |  1- 3 |  4- 6 || total
-------------------------+-------+-------++-------
Melee: Long sword        |   138 |       ||   138
